 Dungeon Sprint DCSS version 0.17-a0-1741-gd5e8965 (webtiles) character file.

12700000 ztt the Plane Walker (level 27, -74/273 HPs)
             Began as a Ghoul Warper on Aug 31, 2015.
             Was the Champion of Makhleb.
             Annihilated by a fleshlord
             ... wielding a +9 great mace
              (344 damage)
             ... in the Dungeon (Sprint VIII: "Arena of Blood").
             The game lasted 00:02:19 (127 turns).

ztt the Plane Walker (Ghoul Warper)                  Turns: 127, Time: 00:02:20

Health: -74/273    AC:  6    Str: 19    XL:     27
Magic:  32/53      EV: 32    Int:  8    God:    Makhleb [******]
Gold:   0          SH:  0    Dex: 17    Spells: 1 memorised, 79 levels left

rFire  . . .     SeeInvis +     l - +∞ Axe of Woe
rCold  + . .     Clarity  .     b - +0 leather armour
rNeg   + + +     SustAt   .     (no shield)
rPois  ∞         Gourm    .     (no helmet)
rElec  .         Spirit   .     (no cloak)
rCorr  .         Warding  .     (no gloves)
rMut   .         NoTele   +     (no boots)
MR     ++...                    (no amulet)
Stlth  +++++++++.               (no ring)
                                m - ring of see invisible

@: rotting, very resistant to hostile enchantments, incredibly stealthy
A: rotting body, claws 1, carnivore 3, cold resistance 1, negative energy
resistance 3, slow healing 1, torment resistance, unbreathing
a: Minor Destruction, Lesser Servant of Makhleb, Major Destruction, Greater
Servant of Makhleb, Renounce Religion


You were in the Dungeon.
You worshipped Makhleb.
Makhleb was exalted by your worship.
You were not hungry.

You visited 1 branch

Inventory:

Hand weapons
 a - a +0 hand axe
 l - the +∞ Axe of Woe (weapon)
   (You found it in the Dungeon)
Missiles
 e - 5 tomahawks of dispersal (quivered)
Armour
 b - a +0 leather armour (worn)
Jewellery
 m - a ring of see invisible (left claw)
Scrolls
 d - 2 scrolls of blinking
Potions
 g - a potion of curing
 h - a potion of heal wounds
 i - a potion of haste
 j - 2 potions of magic
 k - a potion of berserk rage
Books
 c - a book of Spatial Translocations

   Spells                             Type                      Level
   a - Apportation                    Translocation                1
   b - Blink                          Translocation                2
   c - Shroud of Golubria             Charms/Translocation         2
   d - Portal Projectile              Translocation                3
   e - Teleport Other                 Translocation                3
   f - Passage of Golubria            Translocation                4
Comestibles
 f - a meat ration


   Skills:
 O Level 27 Fighting
 O Level 27 Axes
 O Level 27 Throwing
 O Level 27 Armour
 O Level 27 Dodging
 O Level 27 Stealth
 O Level 27 Unarmed Combat
 O Level 27 Spellcasting
 O Level 27 Translocations
 O Level 27 Invocations


You had 79 spell levels left.
You knew the following spells:

 Your Spells              Type           Power        Failure   Level  Hunger
a - Apportation           Tloc           ######....   0%          1    None


Dungeon Overview and Level Annotations

Branches:
Dungeon (1/1)

Altars:
Makhleb


Innate Abilities, Weirdness & Mutations

Your body is rotting away.
You thrive on raw meat.
You are immune to poison.
You have sharp fingernails.
You are carnivorous and can eat meat at any time.
Your flesh is cold resistant.
You are immune to negative energy.
You heal slowly when monsters are visible.
You are immune to unholy pain and torment.
You can survive without breathing.


Message History

Unknown command.
You hear a shout! x8
The fleshlord casts a spell at you.
You barely resist.
An ogre and a hell knight come into view.
You hear a shout! x2
The meat berserker rages.
You hear a shout! x3
The wretched soul hits you.
The wretched soul blinks!
You hear a shout!
A scourge comes into view.
Items here: )) == †† Unknown command.
You hear a shout!
The fleshlord points at you and mumbles some strange words.
You barely resist.
You hear a shout! x3
The fleshlord hits you with a +9 great mace!!!!!!
Ouch! That really hurt!
You die...

.... .........)))% ....
#.S.......))) . .....
#.#.........).). ..#
#...#.#.#........))).
.... #...#.#p....#§..V.).
.....#......WO....o..))..
......)##.))%...##.#†....
#....)##§%%.......)....
####.p@)))####))..#....
####))).)..)........
####.)...).......
####..........
###########


You could see a fleshlord, a wretched soul (invisible) and a meat berserker
(berserk).

Vanquished Creatures
  2 hell knights (D)
  7 hell beasts (D)
  5 greater mummies (D)
  A great orb of eyes (D)
  2 wraiths (D)
  Harold (D)
  14 vampire knights (D)
  27 ogres (D)
  4 liches (D)
  5 hydras (D)
  59 orcs (D)
  3 phantoms (D)
  4 hill giants (D)
  2 skeletal warriors (D)
  A sea snake (D)
  3 large abominations (D)
  4 small abominations (D)
  6 crawling corpses (D)
150 creatures vanquished.

Notes
Turn   | Place    | Note
--------------------------------------------------------------
     0 | D        | ztt the Ghoul Warper began the quest for the Orb.
     0 | D        | Reached XP level 1. HP: 17/17 MP: 2/2
     3 | D        | Noticed a bag of meat
     4 | D        | Noticed a bag of meat
     4 | D        | Became a worshipper of Makhleb the Destroyer
     5 | D        | Noticed a bag of meat
     6 | D        | Noticed a bag of meat
     7 | D        | Noticed a bag of meat
     8 | D        | Noticed a bag of meat
     8 | D        | Killed a bag of meat
     8 | D        | Reached skill level 11 in Fighting
     8 | D        | Reached skill level 10 in Axes
     8 | D        | Reached skill level 10 in Spellcasting
     8 | D        | Reached skill level 17 in Translocations
     8 | D        | Reached XP level 2. HP: 20/40 MP: 2/12
     8 | D        | Reached XP level 3. HP: 23/47 MP: 2/13
     8 | D        | Reached XP level 4. HP: 26/55 MP: 2/15
     8 | D        | Reached XP level 5. HP: 28/60 MP: 2/16
     8 | D        | Reached XP level 6. HP: 31/68 MP: 2/18
     8 | D        | Reached XP level 7. HP: 33/74 MP: 2/19
     8 | D        | Reached XP level 8. HP: 36/82 MP: 2/21
     8 | D        | Reached XP level 9. HP: 39/89 MP: 2/22
     8 | D        | Reached XP level 10. HP: 41/95 MP: 2/23
     8 | D        | Reached XP level 11. HP: 44/102 MP: 2/24
     8 | D        | Reached XP level 12. HP: 47/110 MP: 2/25
     9 | D        | Noticed a bag of meat
     9 | D        | Noticed a bag of meat
     9 | D        | Noticed a meat berserker
     9 | D        | Noticed a meat berserker
     9 | D        | Killed a bag of meat
     9 | D        | Acquired Makhleb's first power
     9 | D        | Reached skill level 20 in Translocations
     9 | D        | Reached XP level 13. HP: 49/119 MP: 2/28
    10 | D        | Noticed a large bag of meat
    10 | D        | Killed a meat berserker
    10 | D        | Reached skill level 15 in Fighting
    10 | D        | Reached skill level 23 in Translocations
    10 | D        | Reached XP level 14. HP: 52/135 MP: 2/30
    10 | D        | Killed a bag of meat
    10 | D        | Acquired Makhleb's second power
    10 | D        | Reached skill level 5 in Throwing
    10 | D        | Reached skill level 24 in Translocations
    10 | D        | Reached XP level 15. HP: 54/144 MP: 2/32
    11 | D        | Noticed a bag of meat
    11 | D        | Noticed a bag of meat
    11 | D        | Killed a bag of meat
    11 | D        | Reached skill level 15 in Axes
    11 | D        | Reached skill level 15 in Spellcasting
    11 | D        | Reached skill level 25 in Translocations
    11 | D        | Noticed a bag of meat
    12 | D        | Killed a meat berserker
    12 | D        | Acquired Makhleb's third power
    12 | D        | Reached skill level 15 in Dodging
    12 | D        | Reached skill level 26 in Translocations
    12 | D        | Reached XP level 16. HP: 72/159 MP: 3/35
    13 | D        | Noticed a meat berserker
    13 | D        | Killed a bag of meat
    13 | D        | Reached skill level 5 in Armour
    13 | D        | Reached skill level 27 in Translocations
    13 | D        | Killed a bag of meat
    13 | D        | Reached XP level 17. HP: 167/172 MP: 3/37
    14 | D        | Killed a bag of meat
    14 | D        | Acquired Makhleb's fourth power
    15 | D        | Killed a large bag of meat
    16 | D        | Noticed a meat berserker
    16 | D        | Noticed a meat berserker
    16 | D        | Noticed a bag of meat
    17 | D        | Killed a bag of meat
    17 | D        | Acquired Makhleb's fifth power
    17 | D        | Killed a bag of meat
    17 | D        | Reached XP level 18. HP: 187/190 MP: 4/40
    17 | D        | Killed a bag of meat
    17 | D        | Killed a meat berserker
    18 | D        | Noticed a bag of meat
    18 | D        | Noticed a bag of meat
    18 | D        | Noticed a meat berserker
    18 | D        | Noticed a bag of meat
    19 | D        | Noticed a bag of meat
    19 | D        | Noticed a large bag of meat
    19 | D        | Killed a meat berserker
    19 | D        | Reached skill level 27 in Fighting
    19 | D        | Reached skill level 10 in Throwing
    19 | D        | Reached XP level 19. HP: 157/207 MP: 5/43
    20 | D        | Noticed a bag of meat
    20 | D        | Noticed a bag of meat
    20 | D        | Noticed a meat berserker
    21 | D        | Noticed a bag of meat
    21 | D        | Noticed a bag of meat
    21 | D        | Killed a meat berserker
    21 | D        | Reached skill level 27 in Axes
    21 | D        | Reached skill level 10 in Armour
    22 | D        | Killed a bag of meat
    22 | D        | Reached XP level 20. HP: 211/216 MP: 5/47
    23 | D        | Noticed a destroyer
    24 | D        | Killed a meat berserker
    24 | D        | Killed a large bag of meat
    25 | D        | Noticed a bag of meat
    25 | D        | Noticed a meat berserker
    25 | D        | Noticed a destroyer
    25 | D        | Noticed a destroyer
    26 | D        | Noticed a bag of meat
    26 | D        | Killed a bag of meat
    26 | D        | Reached skill level 27 in Dodging
    26 | D        | Reached skill level 27 in Spellcasting
    26 | D        | Killed a destroyer
    26 | D        | Reached XP level 21. HP: 172/224 MP: 6/51
    26 | D        | Killed a destroyer
    27 | D        | Noticed a bag of meat
    27 | D        | Killed a bag of meat
    27 | D        | Killed a meat berserker
    27 | D        | Reached XP level 22. HP: 233/233 MP: 7/52
    28 | D        | Noticed a bag of meat
    28 | D        | Noticed a bag of meat
    29 | D        | Noticed a destroyer
    29 | D        | Noticed a bag of meat
    29 | D        | Noticed a bag of meat
    29 | D        | Noticed a meat berserker
    29 | D        | Killed a bag of meat
    29 | D        | Reached skill level 27 in Throwing
    29 | D        | Reached skill level 27 in Armour
    29 | D        | Killed a bag of meat
    30 | D        | Noticed a bag of meat
    30 | D        | Killed a bag of meat
    30 | D        | Killed a bag of meat
    30 | D        | Reached skill level 15 in Unarmed Combat
    30 | D        | Reached skill level 15 in Invocations
    30 | D        | Killed a destroyer
    30 | D        | Reached XP level 23. HP: 240/240 MP: 7/53
    31 | D        | Noticed a destroyer
    31 | D        | Killed a meat berserker
    31 | D        | Killed a bag of meat
    32 | D        | Noticed a bag of meat
    32 | D        | Noticed a destroyer
    32 | D        | Noticed a destroyer
    32 | D        | Noticed a destroyer
    33 | D        | Killed a bag of meat
    33 | D        | Killed a destroyer
    33 | D        | Reached skill level 27 in Stealth
    33 | D        | Reached skill level 27 in Unarmed Combat
    33 | D        | Reached skill level 27 in Invocations
    33 | D        | Reached XP level 24. HP: 249/249 MP: 8/53
    34 | D        | Noticed a bag of meat
    34 | D        | Killed a bag of meat
    34 | D        | Killed a destroyer
    34 | D        | Killed a bag of meat
    34 | D        | Reached XP level 25. HP: 257/257 MP: 9/53
    35 | D        | Noticed an eight-headed meat hydra
    35 | D        | Killed a bag of meat
    35 | D        | Killed a meat berserker
    35 | D        | Killed a bag of meat
    36 | D        | Noticed a meat berserker
    36 | D        | Noticed a bag of meat
    36 | D        | Noticed a bag of meat
    36 | D        | Killed a destroyer
    36 | D        | Killed a destroyer
    36 | D        | Reached XP level 26. HP: 266/266 MP: 9/53
    36 | D        | Killed a bag of meat
    36 | D        | Killed a bag of meat
    38 | D        | Noticed a sculptor of flesh
    38 | D        | Noticed a destroyer
    39 | D        | Noticed a bag of meat
    40 | D        | Noticed a bag of meat
    40 | D        | Noticed a sculptor of flesh
    40 | D        | Noticed a meat berserker
    40 | D        | Killed a bag of meat
    40 | D        | Killed a meat berserker
    40 | D        | Killed a nine-headed meat hydra
    40 | D        | Reached XP level 27. HP: 273/273 MP: 9/53
    40 | D        | Killed a bag of meat
    40 | D        | Killed a bag of meat
    41 | D        | Noticed a bag of meat
    41 | D        | Killed a bag of meat
    43 | D        | Noticed a destroyer
    43 | D        | Noticed a bag of meat
    43 | D        | Killed a bag of meat
    43 | D        | Killed a bag of meat
    44 | D        | Killed a sculptor of flesh
    45 | D        | Noticed a meat berserker
    45 | D        | Killed a meat berserker
    46 | D        | Noticed an accursed
    46 | D        | Noticed a tyrant
    46 | D        | Killed a bag of meat
    47 | D        | Killed a destroyer
    48 | D        | Killed a bag of meat
    48 | D        | Killed a destroyer
    49 | D        | Noticed an eight-headed meat hydra
    49 | D        | Killed a bag of meat
    51 | D        | Noticed a meat berserker
    51 | D        | Killed a bag of meat
    51 | D        | Killed a sculptor of flesh
    52 | D        | Killed a bag of meat
    52 | D        | Killed a meat berserker
    53 | D        | Noticed a bag of meat
    53 | D        | Killed a destroyer
    54 | D        | Killed a tyrant
    55 | D        | Noticed a meat berserker
    55 | D        | Noticed an accursed
    55 | D        | Noticed a destroyer
    55 | D        | Noticed a tyrant
    57 | D        | Noticed an accursed
    59 | D        | Killed an accursed
    59 | D        | Killed a nine-headed meat hydra
    60 | D        | Killed a meat berserker
    61 | D        | Noticed a bag of meat
    61 | D        | Noticed a meat berserker
    62 | D        | Noticed a dread
    62 | D        | Noticed an accursed
    62 | D        | Noticed a bag of meat
    63 | D        | Noticed a bag of meat
    64 | D        | Killed a tyrant
    64 | D        | Killed a meat berserker
    64 | D        | Killed a destroyer
    68 | D        | Noticed a destroyer
    68 | D        | Killed a bag of meat
    68 | D        | Killed a meat berserker
    69 | D        | Noticed a meat berserker
    69 | D        | Killed a dread
    70 | D        | Killed a meat berserker
    72 | D        | Killed an accursed
    72 | D        | Killed a destroyer
    73 | D        | Noticed a destroyer
    73 | D        | Noticed a bag of meat
    74 | D        | Noticed a bag of meat
    74 | D        | Noticed a large bag of meat
    74 | D        | Noticed a meat berserker
    74 | D        | Noticed a meat berserker
    75 | D        | Killed a bag of meat
    75 | D        | Noticed a bag of meat
    76 | D        | Noticed a meat berserker
    77 | D        | Noticed a bag of meat
    77 | D        | Killed a meat berserker
    78 | D        | Noticed a meat beast
    78 | D        | Noticed a meat berserker
    78 | D        | Killed a meat beast
    79 | D        | Killed a meat berserker
    80 | D        | Noticed a destroyer
    80 | D        | Noticed a large bag of meat
    80 | D        | Noticed a bag of meat
    80 | D        | Noticed a bag of meat
    80 | D        | Noticed a bag of meat
    80 | D        | Noticed a meat beast
    80 | D        | Noticed a bag of meat
    80 | D        | Noticed a wretched soul
    80 | D        | Noticed a meat berserker
    80 | D        | Noticed a dread
    81 | D        | Noticed a meat berserker
    81 | D        | Noticed a bag of meat
    81 | D        | Noticed a meat beast
    81 | D        | Killed a bag of meat
    81 | D        | Killed a meat berserker
    81 | D        | Killed a large bag of meat
    82 | D        | Noticed a bag of meat
    82 | D        | Killed a meat berserker
    82 | D        | Killed an accursed
    82 | D        | Killed a bag of meat
    82 | D        | Noticed a meat beast
    83 | D        | Noticed a bag of meat
    83 | D        | Noticed a bag of meat
    83 | D        | Noticed a meat berserker
    84 | D        | Killed a bag of meat
    84 | D        | Killed a meat berserker
    84 | D        | Killed a meat beast
    84 | D        | Killed a bag of meat
    85 | D        | Noticed a bag of meat
    85 | D        | Noticed a meat beast
    85 | D        | Killed a meat beast
    85 | D        | Killed a meat beast
    85 | D        | Killed a large bag of meat
    86 | D        | Noticed a wretched soul
    86 | D        | Killed a meat berserker
    87 | D        | Killed a bag of meat
    88 | D        | Killed a bag of meat
    88 | D        | Killed a meat beast
    89 | D        | Killed a meat berserker
    89 | D        | Killed a bag of meat
    90 | D        | Noticed a meat berserker
    91 | D        | Killed a bag of meat
    91 | D        | Killed a bag of meat
    91 | D        | Killed a bag of meat
    91 | D        | Killed a bag of meat
    92 | D        | Killed a bag of meat
    93 | D        | Noticed an accursed
    93 | D        | Killed a bag of meat
    93 | D        | Killed a meat berserker
    94 | D        | Killed a destroyer
    94 | D        | Killed a bag of meat
    95 | D        | Killed an accursed
    96 | D        | Noticed a tyrant
    96 | D        | Killed a dread
    97 | D        | Noticed a meat beast
    98 | D        | Noticed a wretched soul
    98 | D        | Killed a bag of meat
    99 | D        | Killed a meat beast
    99 | D        | Killed a tyrant
   100 | D        | Killed a wretched soul
   101 | D        | Noticed a meat berserker
   102 | D        | Noticed a meat berserker
   102 | D        | Noticed a bag of meat
   102 | D        | Noticed a tyrant
   103 | D        | Noticed a bag of meat
   103 | D        | Noticed a meat beast
   103 | D        | Noticed a bag of meat
   103 | D        | Killed a meat berserker
   104 | D        | Killed a meat berserker
   105 | D        | Noticed The Servant
   106 | D        | Noticed a meat berserker
   106 | D        | Killed a wretched soul
   107 | D        | Noticed a bag of meat
   107 | D        | Noticed a bag of meat
   108 | D        | Killed an accursed
   108 | D        | Killed a meat beast
   109 | D        | Noticed an observer
   110 | D        | Killed The Servant
   111 | D        | Killed a meat berserker
   111 | D        | Killed a wretched soul
   111 | D        | Killed a tyrant
   112 | D        | Killed a bag of meat
   114 | D        | Killed a bag of meat
   114 | D        | Killed a bag of meat
   115 | D        | Noticed a bag of meat
   115 | D        | Noticed a wretched soul
   116 | D        | Killed a destroyer
   116 | D        | Killed an observer
   116 | D        | Killed a bag of meat
   116 | D        | Killed a bag of meat
   117 | D        | Killed a bag of meat
   119 | D        | Noticed a fleshlord
   119 | D        | Noticed a fleshlord
   119 | D        | Killed a fleshlord
   121 | D        | Noticed a fleshlord
   124 | D        | Killed a fleshlord
   126 | D        | Noticed a meat berserker
   126 | D        | Noticed a fleshlord
   127 | D        | Annihilated by a fleshlord

Vault maps used:
D:        meatsprint

Action                   |  1- 3 |  4- 6 |  7- 9 | 10-12 | 13-15 | 16-18 | 19-21 | 22-24 | 25-27 || total
-------------------------+-------+-------+-------+-------+-------+-------+-------+-------+-------++-------
Melee: Executioner's axe |     1 |       |       |     1 |     3 |     5 |     5 |     5 |    59 ||    79
 Cast: Apportation       |       |       |       |       |       |       |       |       |     1 ||     1
 Stab: Distracted        |       |       |       |       |       |       |       |       |     1 ||     1
